 Dungeon Crawl Stone Soup version 0.17-a0-18-gc25b939 (webtiles) character file.

132 PolkaDot the Cudgeler (level 5, -1/54 HPs)
             Began as an Ogre Gladiator on Mar 9, 2015.
             Slain by Sigmund
             ... wielding a +2 scythe of venom
              (9 damage)
             ... on level 3 of the Dungeon.
             The game lasted 00:06:18 (1896 turns).

PolkaDot the Cudgeler (Ogre Gladiator)              Turns: 1896, Time: 00:06:18

Health: -1/54      AC:  3    Str: 20      XL:     5   Next: 15%
Magic:  5/5        EV: 10    Int: 12      God:
Gold:   89         SH:  0    Dex: 10 (11) Spells: 0 memorised, 4 levels left

rFire  + . .     SeeInvis .     a - +0 flail
rCold  x . .     Clarity  +     b - +0 animal skin
rNeg   . . .     SustAb   .     (shield restricted)
rPois  .         Gourm    .     c - +0 hat
rElec  .         Spirit   .     e - +0 cloak (curse)
rCorr  .         Warding  .     (gloves unavailable)
rMut   .         Stasis   .     (boots unavailable)
MR     .....                    (no amulet)
Stlth  +.........               (no ring)
                                k - ring of fire

@: brilliant, lethally poisoned (-1 -> -17), not resistant to hostile
enchantments, very unstealthy
A: unfitting armour, talons 1, clarity, deformed body, tough skin 1
a: no special abilities


You were on level 3 of the Dungeon.
You were not hungry.

You visited 1 branch of the dungeon, and saw 3 of its levels.

You collected 89 gold pieces.

Inventory:

Hand weapons
 a - a +0 flail (weapon)
Missiles
 d - 3 throwing nets (quivered)
Armour
 b - a +0 animal skin (worn)
 c - a +0 hat (worn)
 e - a cursed +0 cloak (worn)
Jewellery
 k - a ring of fire (left hand)
Magical devices
 g - a wand of confusion (5)
Scrolls
 l - a scroll of blinking {unknown}
 m - 2 scrolls of identify {unknown}
 n - a scroll of magic mapping {unknown}
Potions
 i - a potion of curing
 p - a potion of brilliance
Comestibles
 f - 2 meat rations
 h - 2 bread rations
 j - 4 chunks of flesh
 o - 2 fruits


   Skills:
 + Level 4.2 Fighting
 * Level 5.9 Maces & Flails
 - Level 2.1 Throwing
 + Level 3.3 Dodging


You had 4 spell levels left.
You didn't know any spells.

Dungeon Overview and Level Annotations

Branches:
Dungeon (3/15)

Altars:

Annotations:
D:3 Sigmund


Innate Abilities, Weirdness & Mutations

You are too large for most types of armour.
You have tough skin (AC +1).
You have sharp toenails.
You possess an exceptional clarity of mind.
Armour fits poorly on your strangely shaped body.


Message History

Sigmund is lightly wounded.
* * * LOW HITPOINT WARNING * * *
You feel sick. Sigmund misses you.
You hit Sigmund.
Sigmund is lightly wounded.
* * * LOW HITPOINT WARNING * * *
You feel very sick. The bat barely misses you.
You sock Sigmund! Your kick misses Sigmund.
Sigmund is heavily wounded.
* * * LOW HITPOINT WARNING * * *
You feel sick. The bat hits you.
* * * LOW HITPOINT WARNING * * *
Sigmund barely misses you.
You closely miss Sigmund. You claw Sigmund, but do no damage.
Sigmund is heavily wounded.
* * * LOW HITPOINT WARNING * * *
You feel sick. The bat misses you. The bat closely misses you.
Sigmund hits you with a scythe of venom!
You die...

. .. #. .# #. ..
.########
.##.##.......#
#.......@.....#
..##.##b@.....#.#
.................
.####.#...?#..###
##.#....# .######.
#.....#.###...(..$.
#...##..##.# ...
#...###.#.###.###
#...# #..##......
#...# #..##......


You could see Sigmund and a bat.

Vanquished Creatures
  A worker ant (D:3)
  Ijyb (D:2)
  Jessica (D:2)
  3 adders
  A worm (D:2)
  A giant gecko (D:2)
  An ooze (D:1)
  5 bats
  2 giant cockroaches (D:1)
  10 goblins
  4 hobgoblins
  A giant newt (D:1)
  5 kobolds
  A quokka (D:2)
  8 rats
  2 toadstools (D:1)
47 creatures vanquished.

Vanquished Creatures (others)
  2 toadstools (D:1)
2 creatures vanquished.

Grand Total: 49 creatures vanquished

Notes
Turn   | Place    | Note
--------------------------------------------------------------
     0 | D:1      | PolkaDot, the Ogre Gladiator, began the quest for the Orb.
     0 | D:1      | Reached XP level 1. HP: 22/22 MP: 1/1
   107 | D:1      | Reached XP level 2. HP: 26/31 MP: 2/2
   727 | D:2      | Reached XP level 3. HP: 35/37 MP: 3/3
   746 | D:2      | Noticed Jessica
   775 | D:2      | Killed Jessica
   775 | D:2      | Reached skill level 5 in Maces & Flails
   933 | D:2      | Gained mutation: You possess an exceptional clarity of mind. [potion of mutation]
   933 | D:2      | Gained mutation: You have sharp toenails. [potion of mutation]
   933 | D:2      | Gained mutation: Armour fits poorly on your strangely shaped body. [potion of mutation]
   941 | D:2      | Reached XP level 4. HP: 18/48 MP: 4/4
  1594 | D:2      | Noticed Ijyb
  1610 | D:2      | Killed Ijyb
  1802 | D:3      | Reached XP level 5. HP: 39/54 MP: 5/5
  1884 | D:3      | Noticed Sigmund
  1896 | D:3      | Slain by Sigmund

Action                   |  1- 3 |  4- 6 || total
-------------------------+-------+-------++-------
Melee: Flail             |    88 |   102 ||   190
  Use: Potion            |     6 |     3 ||     9
  Eat: Chunk             |       |     4 ||     4
